 Dungeon Crawl Stone Soup version 0.19.5 (webtiles) character file.

5824 Barra the Cleaver (level 10, -2/90 HPs)
             Began as a Minotaur Berserker on Mar 30, 2017.
             Was a High Priest of Trog.
             Impaled on a porcupine's spines (8 damage)
             ... on level 1 of the Lair of Beasts.
             The game lasted 00:25:49 (7838 turns).

Barra the Cleaver (Minotaur Berserker)              Turns: 7838, Time: 00:25:50

Health: -2/90      AC: 12    Str: 25    XL:     10   Next: 51%
Magic:  9/9        EV: 10    Int:  4    God:    Trog [*****.]
Gold:   631        SH:  0    Dex: 10    Spells: 0 memorised, 9 levels left

rFire  + . .     SeeInvis .     y - +1 broad axe (venom)
rCold  . . .     Gourm    .     P - +0 chain mail
rNeg   . . .     Faith    .     (no shield)
rPois  .         Spirit   .     (helmet restricted)
rElec  .         Reflect  .     t - +0 cloak
rCorr  +         Harm     .     (no gloves)
MR     +++..                    (no boots)
Stlth  ..........               (no amulet)
                                m - ring of protection from magic
                                r - ring of Motoh {rCorr rF+}

@: regenerating
A: retaliatory headbutt, horns 2
a: Berserk, Trog's Hand, Brothers in Arms, Burn Spellbooks, Renounce Religion


You were on level 1 of the Lair of Beasts.
You worshipped Trog.
Trog was extremely pleased with you.
You were not hungry.

You visited 2 branches of the dungeon, and saw 9 of its levels.
You also visited: Sewer.

You collected 691 gold pieces.
You spent 60 gold pieces at shops.

Inventory:

Hand Weapons
 y - a +1 broad axe of venom (weapon)
 C - a +2 scythe of freezing
 I - a +0 battleaxe
Missiles
 d - 9 tomahawks (quivered)
Armour
 k - a +0 shield
 p - a +0 cloak
 t - a +0 cloak (worn)
 P - a +0 chain mail (worn)
Jewellery
 m - a ring of protection from magic (right hand)
 r - the ring of Motoh (left hand) {rCorr rF+}
   (You found it on level 6 of the Dungeon)

   [ring of resist corrosion]

   It protects you from fire.
 H - an uncursed ring of resist corrosion
Wands
 D - a wand of iceblast (3/15)
 F - a wand of hasting (3/9)
Scrolls
 a - 2 scrolls of magic mapping
 b - 3 scrolls of remove curse
 f - 2 scrolls of recharging
 q - 2 scrolls of enchant armour
 A - 2 scrolls of teleportation
Potions
 e - 2 potions of might {unknown}
 h - a potion of flight
 i - a potion of heal wounds {unknown}
 l - a potion of degeneration {unknown}
 o - 2 potions of brilliance
 s - a potion of magic {unknown}
 v - a potion of resistance {unknown}
 x - 2 potions of agility {unknown}
 z - a potion of cure mutation {unknown}
 B - a potion of berserk rage {unknown}
 E - a potion of invisibility {unknown}
 O - a potion of lignification {unknown}
Books
 g - a Young Poisoner's Handbook

   Spells                             Type                      Level
   a - Sting                          Conjuration/Poison           1
   b - Mephitic Cloud                 Conjuration/Poison/Air       3
   c - Olgreb's Toxic Radiance        Poison                       4
   d - Alistair's Intoxication        Transmutation/Poison         5
   e - Venom Bolt                     Conjuration/Poison           5
   Trog disapproves of the use of such an item.
 u - a book of Maledictions

   Spells                             Type                      Level
   a - Corona                         Hexes                        1
   b - Ensorcelled Hibernation        Hexes/Ice                    2
   c - Confuse                        Hexes                        3
   d - Tukima's Dance                 Hexes                        3
   e - Dazzling Spray                 Conjuration/Hexes            3
   Trog disapproves of the use of such an item.
 w - a book of Misfortune

   Spells                             Type                      Level
   a - Confusing Touch                Hexes                        1
   b - Confuse                        Hexes                        3
   c - Gell's Gravitas                Hexes/Translocation          3
   d - Petrify                        Transmutation/Earth          4
   e - Metabolic Englaciation         Hexes/Ice                    5
   f - Yara's Violent Unravelling     Hexes/Transmutation          5
   Trog disapproves of the use of such an item.
 N - a book of Cantrips

   Spells                             Type                      Level
   a - Confusing Touch                Hexes                        1
   b - Animate Skeleton               Necromancy                   1
   c - Summon Small Mammal            Summoning                    1
   d - Apportation                    Translocation                1
   Trog disapproves of the use of such an item.
Comestibles
 c - a beef jerky
 j - 6 fruits
 n - a slice of pizza
 J - 2 royal jellies
 K - 3 meat rations


   Skills:
 + Level 8.9 Fighting
 + Level 9.8(11.4) Axes
   Level 7.1(9.5) Maces & Flails
 + Level 6.4(9.0) Polearms
 + Level 9.2 Armour
 + Level 4.3 Dodging
 + Level 1.2 Stealth
 + Level 3.7 Shields


You had 9 spell levels left.
You didn't know any spells.

Dungeon Overview and Level Annotations

Branches:
Dungeon (8/15)             Temple (0/1) D:5            Lair (1/6) D:8

Altars:
Okawaru

Shops:
D:6 :*


Innate Abilities, Weirdness & Mutations

You reflexively headbutt those who attack you in melee.
You have a pair of horns on your head.


Message History

Your skin crawls.
You feel resistant to hostile enchantments.
You feel somewhat more hungry. The blink frog closely misses you.
The porcupine bites you.
* * * LOW HITPOINT WARNING * * *
The blink frog blinks!
The blink frog hits you!
* * * LOW HITPOINT WARNING * * *
The blink frog blinks!
The blink frog blinks! x2
The blink frog hits you!
* * * LOW HITPOINT WARNING * * *
The porcupine closely misses you.
You are too injured to fight recklessly!
You are too injured to fight recklessly!
You are too injured to fight recklessly!
You are too injured to fight recklessly!
You are too injured to fight recklessly!
You are too injured to fight recklessly!
You are struck by the porcupine's spines.
You die...

...#..P# #P..#
#......##...### . ......##
##..# #......##..## .......#
#..###......##..#.# ..#...##
#...##......#..... ..##..#
#..###......##... ......#
#..# #......##..#
..##..#####..###.......#..##
..##...............§..##...#
..##............@r........##
..##..P.###..###.FF........#
# ..##..###
#...##......##..## ..
...#..# #..##........#..###
... ...#..#
#..P##......##....#..#.
..##..# #...
#......##......... ..P#..##
#..###F.....P#(.§......
.......#
#...........##.......#.
......##
#...........##....#..#


You could see 3 blink frogs and a porcupine.

Vanquished Creatures
  Pikel (D:7)
  2 spiny frogs (Lair:1)
  Grinder (D:5)
  A hippogriff (D:7)
  Sigmund (D:5)
  4 yaks (Lair:1)
  A basilisk (Lair:1)
  A hungry ghost (D:7)
  Menkaure (D:7)
  2 water moccasins (Lair:1)
  Purgy (Sewer)
  2 sky beasts
  3 orc warriors
  A black bear (Lair:1)
  3 slaves (D:7)
  A phantom (D:6)
  2 ogres (D:7)
  2 crocodiles (Lair:1)
  Blork the orc (D:5)
  A bullfrog (Lair:1)
  A gnoll sergeant (D:7)
  2 howler monkeys
  An electric eel (D:6)
  2 crimson imps
  3 jellies
  6 orc priests
  A hound (D:5)
  2 centaur zombies
  9 orc wizards
  4 iguanas
  Jessica (D:3)
  10 worker ants
  A hound skeleton (D:4)
  5 gnolls
  13 adders
  7 river rats
  2 shadow imps
  An ooze (D:1)
  An adder zombie (D:6)
  A worm (D:3)
  An adder skeleton (D:8)
  3 dart slugs
  4 leopard geckos
  30 orcs
  19 bats
  4 giant cockroaches
  4 goblins
  4 hobgoblins
  12 jackals
  2 quokkas
  5 ball pythons
  5 frilled lizards
  A giant cockroach zombie (D:4)
  A jackal zombie (D:7)
  11 kobolds
  A leopard gecko zombie (D:8)
  A quokka skeleton (D:4)
  14 rats
  5 plants
232 creatures vanquished.

Vanquished Creatures (others)
  3 plants (Lair:1)
3 creatures vanquished.

Grand Total: 235 creatures vanquished

Notes
Turn   | Place    | Note
-------+----------+-------------------------------------------
     0 | D:1      | Barra the Minotaur Berserker began the quest for the Orb.
     0 | D:1      | Reached XP level 1. HP: 19/19 MP: 0/0
    77 | D:1      | Reached XP level 2. HP: 26/27 MP: 1/1
   485 | D:1      | Reached XP level 3. HP: 30/33 MP: 2/2
  1121 | D:2      | Reached ** piety under Trog
  1178 | D:2      | Reached skill level 1 in Maces & Flails
  1185 | D:2      | Reached XP level 4. HP: 40/41 MP: 3/3
  1627 | D:3      | Found an iron altar of Okawaru.
  1703 | D:3      | Noticed Jessica
  1716 | D:3      | Killed Jessica
  1716 | D:3      | Reached skill level 1 in Shields
  1886 | D:3      | Found a glowing drain.
  1902 | D:3      | Reached XP level 5. HP: 44/47 MP: 4/4
  2069 | Sewer    | Entered a sewer
  2116 | Sewer    | Noticed Purgy
  2135 | Sewer    | Killed Purgy
  2135 | Sewer    | Reached *** piety under Trog
  2135 | Sewer    | Reached XP level 6. HP: 55/55 MP: 5/5
  2534 | D:4      | Reached skill level 5 in Fighting
  2815 | D:4      | Reached XP level 7. HP: 53/61 MP: 6/6
  2895 | D:4      | Reached skill level 5 in Maces & Flails
  3033 | D:5      | Entered Level 5 of the Dungeon
  3033 | D:5      | Noticed Sigmund
  3044 | D:5      | Killed Sigmund
  3109 | D:5      | Found a staircase to the Ecumenical Temple.
  3194 | D:5      | Reached **** piety under Trog
  3251 | D:5      | Noticed Blork the orc
  3257 | D:5      | Killed Blork the orc
  3257 | D:5      | Reached skill level 5 in Armour
  3293 | D:5      | Noticed Grinder
  3305 | D:5      | Paralysed by Grinder for 3 turns
  3311 | D:5      | Killed Grinder
  3311 | D:5      | Reached skill level 1 in Polearms
  3311 | D:5      | Reached XP level 8. HP: 70/70 MP: 7/7
  4204 | D:6      | Reached skill level 5 in Polearms
  4204 | D:6      | Reached skill level 1 in Stealth
  4204 | D:6      | Reached XP level 9. HP: 73/79 MP: 8/8
  4223 | D:6      | Found Wupsisush's Book Shoppe.
  4340 | D:6      | Found Ewkog's Assorted Antiques.
  4369 | D:6      | Bought a scroll of identify for 60 gold pieces
  4726 | D:6      | Got a clouded platinum ring
  4863 | D:7      | Noticed Menkaure
  4873 | D:7      | Killed Menkaure
  4875 | D:7      | HP: 4/118 [orc/trident (5)]
  5397 | D:7      | Reached skill level 5 in Axes
  5430 | D:7      | HP: 1/79 [ogre/giant spiked club (17)]
  6500 | D:7      | Noticed Pikel
  6511 | D:7      | Killed Pikel
  6748 | D:8      | Reached ***** piety under Trog
  6819 | D:8      | Reached XP level 10. HP: 83/89 MP: 9/9
  6882 | D:8      | Found a staircase to the Lair.
  7048 | D:8      | Identified the ring of Motoh {rCorr rF+} (You found it on level 6 of the Dungeon)
  7266 | Lair:1   | Entered Level 1 of the Lair of Beasts
  7689 | Lair:1   | Noticed a spiny frog
  7694 | Lair:1   | Killed a spiny frog
  7806 | Lair:1   | Received a gift from Trog
  7811 | Lair:1   | Noticed a spiny frog
  7821 | Lair:1   | Killed a spiny frog
  7838 | Lair:1   | Impaled on a porcupine's spines

Skill      XL: |  1  2  3  4  5  6  7  8  9 10 |
---------------+-------------------------------+-----
Fighting       | 4 5 7 8 |  8.9
Axes           | 4 7 9 |  9.8
Maces & Flails | 1 2 3 4 6 7 |  7.1
Shields        | 1 2 3 |  3.7
Armour         | 3 4 5 6 8 9 |  9.2
Dodging        | 3 4 |  4.3
Polearms       | 1 5 6 |  6.4
Stealth        | 1 |  1.2

Action                   |  1- 3 |  4- 6 |  7- 9 | 10-12 || total
-------------------------+-------+-------+-------+-------++-------
Melee: Hand axe          |    53 |       |       |       ||    53
       Headbutt          |     8 |    24 |    50 |    20 ||   102
       Mace              |    21 |   157 |    33 |       ||   211
       Scythe            |       |       |   130 |       ||   130
       Battleaxe         |       |       |   108 |    85 ||   193
       Broad axe         |       |       |       |     7 ||     7
Throw: Tomahawk          |       |       |     3 |       ||     3
Invok: Berserk           |     1 |     1 |     6 |     2 ||    10
       Trog's Hand       |       |       |     1 |     2 ||     3
  Use: Scroll            |     4 |     9 |     5 |     4 ||    22
       Potion            |       |       |     1 |     1 ||     2
 Stab: Sleeping          |     1 |       |       |       ||     1
  Eat: Chunk             |     2 |       |    11 |     2 ||    15
       Beef jerky        |       |     1 |       |       ||     1
       Meat ration       |       |     1 |       |       ||     1
       Bread ration      |       |       |     2 |     1 ||     3
Armor: Animal skin       |     9 |       |       |       ||     9
       Ring mail         |     5 |    77 |       |       ||    82
       Chain mail        |       |    16 |   176 |    48 ||   240
Dodge: Dodged            |    33 |    72 |   142 |    69 ||   316
Block: Shield            |    11 |    79 |    15 |       ||   105
